Map: Frozen Temple

Players

MarineLorD - Winner!

  • Race: Terran Terran
  • League: Master

PtitDrogo

  • Race: Protoss Protoss
  • League: Master

VOD

https://www.youtube.com/watch?v=Xo4UrpCR2ZA

Description

Time

  • Played on: Nov. 23, 2016, 4:15 p.m.
  • Length: 8:19
Show
View Real Time Build Order
Export as new Build Order

MarineLorD Terran - Winner!

Build Orders: Reaper Expand 

Get SALT Encoding   

  12  0:00  SCV  
  13  0:13  SCV  
  14  0:17  Supply Depot  
  14  0:25  SCV  
  15  0:30  Refinery  
  15  0:39  SCV  
  16  0:45  Barracks  
  16  0:51  SCV  
  17  1:03  SCV  
  18  1:15  SCV  
  19  1:32  Orbital Command  
  19  1:34  Reaper  
  20  1:51  Command Center  
  20  1:59  Factory, SCV  
  21  2:07  Barracks Reactor  
  21  2:14  Supply Depot, SCV  
  22  2:19  Refinery  
  22  2:26  SCV  
  23  2:38  SCV  
  23  2:43  Marine x2  
  26  2:50  Factory Tech Lab, SCV  
  27  2:51  Starport  
  27  2:57  Supply Depot  
  27  3:01  Marine x2  
  29  3:07  Orbital Command  
  29  3:16  Siege Tank  
  29  3:19  SCV  
  32  3:24  Marine x2  
  34  3:36  Viking  
  36  3:45  Supply Depot  
  36  3:47  Marine x2  
  36  3:48  SCV  
  37  3:52  SCV  
  38  4:02  SCV  
  38  4:06  SCV  
  38  4:08  Medivac  
  41  4:14  Supply Depot  
  41  4:16  Siege Tank  
  44  4:17  Marine x2  
  46  4:27  Liberator  
  46  4:28  Supply Depot  
  46  4:34  Supply Depot  
  46  4:35  SCV x2, Marine x2  
  50  4:43  Barracks  
  53  4:47  SCV  
  53  4:49  SCV  
  55  4:58  Siege Tank  
  56  5:00  SCV  
  56  5:01  SCV  
  56  5:02  Engineering Bay  
  56  5:04  Marine x2  
  60  5:12  SCV  
  60  5:13  SCV  
  62  5:19  Refinery  
  62  5:21  Bunker  
  62  5:23  Marine  
  62  5:25  SCV x2  
  63  5:30  Missile Turret  
  63  5:32  Missile Turret  
  63  5:37  Siege Tank, SCV  
  63  5:38  SCV  
  63  5:41  Barracks Tech Lab  
  68  5:50  SCV  
  68  5:54  Supply Depot  
  69  5:59  Viking  
  69  6:00  Marine  
  69  6:01  Supply Depot, Marine x2  
  69  6:02  SCV  
  75  6:07  Stimpack  
  75  6:09  SCV  
  76  6:14  Siege Tank, SCV  
  77  6:18  Marine x2  
  77  6:19  Marine  
  80  6:26  SCV x2  
  80  6:27  Liberator  
  82  6:34  Supply Depot  
  82  6:36  Marine x2  
  84  6:45  Marine  
  88  6:54  Barracks, Marine x2  
  88  6:55  Siege Tank  
  93  7:03  Marine  
  93  7:08  Missile Turret  
  94  7:12  Marine, Missile Turret x2  
  94  7:14  Marine  
  95  7:21  Marine  
  96  7:27  Siege Tank  
  94  7:30  Marine  
  94  7:31  Marine  
  93  7:39  Bunker  
  93  7:41  Bunker  
  94  7:45  Bunker  
  94  7:47  Marine  
  94  7:49  Marine  
  95  7:53  Marine  
  95  8:03  Command Center  
Show
View Real Time Build Order
Export as new Build Order

PtitDrogo Protoss 

Build Orders: 1 Gate Expand, Oracle Opening 

Get SALT Encoding   

  12  0:01  Probe (Chrono Boost)  
  13  0:11  Probe (Chrono Boost)  
  14  0:18  Pylon  
  14  0:22  Probe (Chrono Boost)  
  15  0:36  Probe (Chrono Boost), Gateway  
  15  0:41  Assimilator  
  16  0:46  Probe (Chrono Boost)  
  18  0:57  Probe (Chrono Boost)  
  18  1:08  Probe (Chrono Boost)  
  19  1:20  Nexus  
  19  1:23  Probe (Chrono Boost)  
  20  1:32  Cybernetics Core  
  20  1:34  Probe (Chrono Boost)  
  20  1:39  Assimilator  
  21  1:45  Probe (Chrono Boost)  
  22  1:50  Pylon  
  22  1:57  Probe (Chrono Boost)  
  23  2:09  Adept, Mothership Core (Chrono Boost)  
  27  2:18  Warp Gate  
  27  2:28  Probe (Chrono Boost)  
  28  2:32  Probe (Chrono Boost)  
  28  2:33  Adept  
  31  2:40  Probe (Chrono Boost)  
  31  2:43  Probe (Chrono Boost)  
  33  2:48  Pylon x2  
  33  2:52  Probe (Chrono Boost)  
  33  2:53  Probe (Chrono Boost)  
  34  2:59  Stargate  
  34  3:04  Probe (Chrono Boost)  
  35  3:23  Adept  
  35  3:25  Probe (Chrono Boost)  
  34  3:28  Probe (Chrono Boost)  
  34  3:31  Gateway  
  34  3:33  Gateway  
  37  3:37  Probe (Chrono Boost)  
  37  3:39  Probe (Chrono Boost)  
  40  3:49  Probe (Chrono Boost)  
  40  3:50  Oracle  
  40  3:51  Adept  
  44  4:02  Probe (Chrono Boost)  
  45  4:03  Pylon  
  45  4:05  Probe (Chrono Boost)  
  46  4:12  Pylon  
  46  4:15  Pylon  
  46  4:21  Probe (Chrono Boost), Oracle  
  46  4:23  Probe (Chrono Boost)  
  48  4:30  Adept  
  48  4:31  Adept x2  
  57  4:32  Probe (Chrono Boost)  
  57  4:35  Pylon, Probe (Chrono Boost)  
  57  4:36  Assimilator  
  59  4:38  Assimilator  
  59  4:42  Probe (Chrono Boost)  
  60  4:59  Nexus  
  60  5:03  Probe (Chrono Boost)  
  61  5:07  Probe (Chrono Boost)  
  61  5:09  Pylon  
  60  5:15  Probe (Chrono Boost)  
  60  5:18  Probe (Chrono Boost)  
  61  5:27  Probe (Chrono Boost)  
  62  5:28  Probe (Chrono Boost)  
  62  5:31  Adept x3, Phoenix  
  62  5:32  Twilight Council  
  62  5:34  Forge  
  71  5:39  Probe x2 (Chrono Boost)  
  74  5:51  Probe x2 (Chrono Boost)  
  74  5:55  Phoenix  
  75  6:02  Probe (Chrono Boost), Resonating Glaives  
  75  6:03  Probe (Chrono Boost)  
  79  6:07  Protoss Ground Weapons Level 1  
  79  6:12  Probe (Chrono Boost)  
  79  6:15  Probe (Chrono Boost)  
  79  6:16  Probe (Chrono Boost)  
  82  6:20  Robotics Facility  
  82  6:23  Probe (Chrono Boost)  
  83  6:27  Probe (Chrono Boost)  
  83  6:28  Probe (Chrono Boost)  
  85  6:33  Probe (Chrono Boost)  
  85  6:34  Pylon  
  85  6:35  Gateway  
  85  6:39  Probe (Chrono Boost), Gateway  
  85  6:40  Probe (Chrono Boost)  
  85  6:42  Stalker  
  85  6:43  Stalker x2  
  85  6:44  Probe (Chrono Boost)  
  85  6:45  Phoenix  
  94  6:51  Pylon x2, Probe (Chrono Boost)  
  95  7:02  Immortal  
  95  7:07  Phoenix  
  95  7:08  Stalker x3  
  101  7:35  Stalker x3  
  101  7:36  Adept x2  
  101  7:37  Immortal  
  97  7:53  Assimilator  
  97  7:57  Pylon  
  97  7:59  Pylon  
  97  8:00  Adept x5  
Tags
 
Add a new tag
Caveats
  • Supply blocks, unpowered buildings, or Contaminate may cause inaccurate times.
  • Supply counts are checked every 10 seconds.